 Dungeon Crawl Stone Soup version 0.28.0-45-g0d030f2227 (webtiles) character file.

Game seed: 3623355903172883967

487 CryoSword the Firebug (level 6, -6/49 HPs)
             Began as a Demigod Fire Elementalist on Apr 10, 2022.
             Killed from afar by Dowan (13 damage)
             ... with a stone arrow
             ... on level 4 of the Dungeon.
             The game lasted 00:07:17 (5616 turns).

CryoSword the Firebug (Demigod Fire Elementalist)   Turns: 5616, Time: 00:07:17

Health: -6/49      AC:  3    Str:  9    XL:     6   Next: 58%
Magic:  11/11      EV: 12    Int: 25    God:
Gold:   133        SH:  0    Dex: 14    Spells: 2/9 levels left

rFire   . . .      SeeInvis .   x - +1 whip (elec)
rCold   . . .      Faith    .   (no shield)
rNeg    + . .      Spirit   .   a - +0 robe
rPois   .          Reflect  .   (no helmet)
rElec   .          Harm     .   l - +0 cloak
rCorr   .          Rampage  .   (no gloves)
Will    .....                   (no boots)
Stlth   +.........              (no amulet)
HPRegen 0.16/turn               j - ring of positive energy
MPRegen 0.12/turn               o - ring of wizardry

@: confused, ambrosia-drunk, hasted, very quick
A: high MP 1, forlorn, divine attributes
a: no special abilities


You were on level 4 of the Dungeon.
You visited 1 branch of the dungeon, and saw 4 of its levels.
You also visited: Sewer.

You collected 133 gold pieces.

Inventory:

Hand Weapons
 v - a +1 short sword of venom
   (You took it off a kobold in a sewer)
 x - a +1 whip of electrocution (weapon)
   (You took it off a kobold in a sewer)
Missiles
 d - 19 poisoned darts
 r - 2 boomerangs of dispersal {!f}
 s - 2 boomerangs
Armour
 a - a +0 robe (worn)
 l - a +0 cloak (worn)
   (You found it on level 2 of the Dungeon)
Jewellery
 j - a ring of positive energy (left hand)
   (You found it on level 2 of the Dungeon)
 o - a ring of wizardry (right hand)
   (You found it on level 3 of the Dungeon)
Scrolls
 c - 3 scrolls of teleportation {@r4}
 e - 2 scrolls of identify {@r1}
 f - a scroll of enchant weapon
 g - a scroll of magic mapping {unknown}
 k - a scroll of enchant armour {unknown}
 m - 4 scrolls of amnesia {unknown}
 n - a scroll of fog {unknown}
 q - a scroll of silence {unknown}
Potions
 b - 4 potions of curing {@q1}
 h - a potion of degeneration {unknown}
 i - 4 potions of magic
 p - a potion of attraction {unknown}
 u - a potion of haste {@q3}
 w - a potion of cancellation


   Skills:
 + Level 2.3 Fighting
 - Level 1.7 Dodging
 + Level 3.2 Stealth
 - Level 2.0 Spellcasting
 * Level 3.9 Conjurations
 * Level 4.5 Fire Magic


You had 2 spell levels left.
You knew the following spells:

 Your Spells              Type           Power      Damage    Failure   Level
a - Foxfire               Conj/Fire      92%        2x1d8     1%          1
b - Scorch                Fire           50%        2d8       1%          2
c - Flame Wave            Conj/Fire      23%        2d7       9%          4

Your spell library contained the following spells:

 Spells                   Type           Power      Damage    Failure   Level
 Shock                    Conj/Air       48%        1d6       1%          1
 Corpse Rot               Necr/Air       4%         N/A       7%          2
 Poisonous Vapours        Pois/Air       4%         N/A       7%          2
 Conjure Flame            Conj/Fire      23%        6-21      2%          3
 Inner Flame              Hex/Fire       13%        N/A       5%          3
 Swiftness                Air            2%         N/A       13%         3
 Airstrike                Air            1%         N/A       38%         4


Dungeon Overview and Level Annotations

Branches:
Dungeon (4/15)              Sewer (visited)
 Temple: D:4-7

Annotations:
D:4 Blork the orc, Dowan


Innate Abilities, Weirdness & Mutations

You have an increased reservoir of magic. (+10% MP)
You shall have no god before yourself.
Your divine heritage dramatically boosts your attributes as you level up.


Message History

You start resting.
You open the large door.
A kobold comes into view. It is wielding a +0 short sword.
Found a gate leading back out of this place.
You conjure some foxfire!
You conjure some foxfire!
The foxfire hits the kobold.
You kill the kobold!
You conjure some foxfire!
You conjure some foxfire!
Found 3 scrolls labelled WAWNEJ MIFIUCW and a scroll of identify.
There is a large open door here.
m - 4 scrolls labelled WAWNEJ MIFIUCW (gained 3)
e - 2 scrolls of identify {@r1} (gained 1)
Things that are here:
a +0 short sword; 5 stones
There is a large open door here.
You enter the shallow water.
Moving in this stuff is going to be slow.
There is a large open door here.
d - 19 poisoned darts (gained 3)
You see here a +0 club.
There is a large open door here.
Done exploring.
Done exploring.
Search for what [Enter for "staff", or ? for help]? .
There is a large open door here.
There is a gate leading back out of this place here.
Welcome back to the Dungeon!
Level annotation: Blork the orc
There is a collapsed entrance here.
You enter the shallow water.
Moving in this stuff is going to be slow.
There is a collapsed entrance here.
You enter the shallow water.
Moving in this stuff is going to be slow.
A jackal comes into view.
A jackal is nearby!
A jackal is nearby!
A jackal is nearby!
A jackal comes into view.
The jackal barks! x2; You hear a bark!
A jackal comes into view. x2
The jackal bites you but does no damage.
You conjure some foxfire!
The jackal bites you. x2
The jackal bites you but does no damage.
Flames lash the jackal.
You kill the jackal!
You hear a bark!
The foxfire hits the jackal. x2
You kill the jackal!
The jackal misses you.
Flames lash the jackal.
The jackal's fire resistance burns away.
The jackal closely misses you.
The jackal bites you but does no damage.
Flames lash the jackal.
The jackal is burned terribly!
You kill the jackal!
You conjure some foxfire!
Flames lash the jackal.
The jackal's fire resistance burns away.
The foxfire hits the jackal.
The jackal is burned terribly!
You kill the jackal!
You see here a jackal corpse.
You see here a jackal corpse.
You see here a jackal corpse.
Could not explore, unopened door.
Could not explore, unopened door.
Could not explore, unopened door.
You open the door.
Found 23 stones.
You see here 23 stones.
An adder comes into view.
The adder hisses angrily.
The adder moves out of view.
There's nothing to open nearby.
You see here 9 gold pieces.
An adder is nearby!
An adder is nearby!
Flames lash the adder.
You kill the adder!
Nothing appears to happen.
You now have 133 gold pieces (gained 9).
Duvessa and an orc wizard come into view.
You conjure some foxfire!
The orc wizard shouts!
Duvessa shouts!
You hear a shout! x2
The foxfire hits Duvessa but does no damage.
You hear a shout!
You conjure some foxfire!
The foxfire hits Duvessa but does no damage. x2
Flames lash Duvessa.
Duvessa's fire resistance burns away.
Dowan, Brother of Duvessa comes into view.
He is wielding a +0 dagger.
An orc priest comes into view. It is wielding a +0 whip.
Dowan moves out of view.
An orc comes into view. It is wielding a +0 war axe.
Duvessa is no longer more vulnerable to fire.
The orc wizard casts a spell.
The orc wizard flickers and vanishes!
Deactivating autopickup; reactivate with Ctrl-A.
There is a stone staircase leading up here.
Flames lash Duvessa.
Duvessa's fire resistance burns away.
Flames lash Duvessa.
Duvessa is burned terribly!
Duvessa closely misses you.
A jelly comes into view.
The orc priest suddenly curses, as Orcs often do.
Flames lash something.
Duvessa hits you with a +0 short sword.
Flames lash the jelly.
The jelly's fire resistance burns away.
Duvessa hits you with a +0 short sword! The jelly misses you.
You hit Duvessa but do no damage.
Duvessa says, "My weaknesses are his strengths!"
The jelly closely misses you. Something hits you.
Duvessa hits you with a +0 short sword.
You hit Duvessa but do no damage. Lightning courses through Duvessa!
You kill Duvessa!
Dowan seems overcome with grief.
Dowan seems to find hidden reserves of power!
Dowan gestures wildly while chanting.
Dowan blinks!
The jelly closely misses you. Something hits you. The jelly closely misses you.
You hear some strange, mumbled words.
Something tries to affect you, but you resist.
Dowan points at you and mumbles some strange words.
The shard of ice hits you!!
* * * LOW HITPOINT WARNING * * *
Okay, then.
The jelly is no longer more vulnerable to fire.
Dowan barely misses you. Dowan gestures at you while chanting.
The shard of ice misses you. Dowan hits you with a +0 dagger.
* * * LOW HITPOINT WARNING * * *
Dowan hits you with a +0 dagger.
* * * LOW HITPOINT WARNING * * *
Dowan says, "Magic will overcome all!"
It was a potion of cancellation.
You feel magically purged. Dowan misses you. Dowan completely misses you.
It was a potion of haste.
You feel yourself speed up. Dowan hits you with a +0 dagger.
* * * LOW HITPOINT WARNING * * *
The orc priest miscasts a cantrip.
It was a potion of ambrosia.
You are confused.
You feel invigorated. Dowan hits you with a +0 dagger.
* * * LOW HITPOINT WARNING * * *
You bump into the rock wall.
Dowan says, "Her death will not be in vain!"
Dowan gestures at you while chanting. The stone arrow misses you.
You hit Dowan. Dowan casts a spell at you. The stone arrow hits you!
You die...

.........###.#.#......
+### #.#
..........##.#.#.#####
#.... #.#
#######...##.#.#.##
#.... #.#
#...........#
#....≈#.#
#...........#
#≈≈≈≈≈#.#
#.........oJ# #'.#
#........o{o# #..#
#...######e## #..#
##### #@# #..# #.#
#..# #.# #.†# #.# #.†#
#.# ######††# #.#
........# ..#
#######.# #..
#.....#.#
#####.###.#..


You could see Dowan (fast), a jelly, an orc priest and 2 orcs.

Vanquished Creatures
  Duvessa (D:4)
  2 kobold brigands
  A scorpion (D:3)
  4 adders
  4 worms
  2 dart slugs (D:3)
  11 orcs
  10 ball pythons
  4 bats (D:1)
  8 endoplasms
  6 giant cockroaches
  9 goblins
  6 hobgoblins
  14 jackals
  16 kobolds
  8 quokkas
  5 frilled lizards
  9 rats
120 creatures vanquished.

Vanquished Creatures (collateral kills)
  4 foxfires (Sewer)
4 creatures vanquished.

Vanquished Creatures (others)
  235 foxfires
  A plant (D:4)
236 creatures vanquished.

Grand Total: 360 creatures vanquished

Notes
Turn   | Place    | Note
-------+----------+-------------------------------------------
     0 | D:1      | CryoSword the Demigod Fire Elementalist began the quest for
                  | the Orb.
     0 | D:1      | Reached XP level 1. HP: 14/14 MP: 5/5
    19 | D:1      | Reached skill level 1 in Conjurations
   393 | D:1      | Reached XP level 2. HP: 22/22 MP: 1/7
   481 | D:1      | Learned a level 2 spell: Scorch
   811 | D:1      | Reached skill level 3 in Fire Magic
  1472 | D:2      | Reached XP level 3. HP: 27/27 MP: 2/8
  2504 | D:3      | Noticed a scorpion
  2509 | D:3      | Reached skill level 1 in Fighting
  2978 | D:3      | Reached XP level 4. HP: 28/35 MP: 1/9
  3123 | D:3      | Learned a level 4 spell: Flame Wave
  3620 | D:3      | Reached XP level 5. HP: 37/40 MP: 1/10
  3959 | D:3      | Reached skill level 4 in Fire Magic
  4700 | D:4      | Noticed Blork the orc
  4779 | D:4      | Found a glowing drain.
  4798 | Sewer    | Entered a sewer
  4907 | Sewer    | Reached XP level 6. HP: 48/48 MP: 0/11
  5579 | D:4      | Noticed Duvessa
  5584 | D:4      | Noticed Dowan
  5602 | D:4      | Killed Duvessa
  5613 | D:4      | HP: 2/49 [Dowan/+0 dagger (1)]
  5616 | D:4      | Killed from afar by Dowan

Illustrated notes

Levels and vault maps discovered:
D:1:      scummos_arrival_simple_crosswalls, layout_loops_cross,
          hellmonk_ecumenical_altar_run_dry
D:2:      layout_loops_ring, serial_rivers, chequers_serial_rivers_small_b,
          chequers_serial_rivers_micro_b, chequers_serial_rivers_micro_c,
          chequers_serial_rivers_large_b, chequers_serial_rivers_micro_a
D:3:      minmay_razor_zed, layout_basic, serial_glass, glass_columns_c,
          glass_columns_a, grunt_ministairs_10, eino_curves_03,
          minmay_misc_feat_encased, st_stairs_3
D:4:      lemuel_castle_with_subvaults [lemuel_castle_interior_carwin_1],
          layout_basic, cheibrodos_sewer_entry_bend,
          chequers_serial_rivers_room_a, uniq_edmund, uniq_blork_the_orc,
          uniq_duvessa

Skill      XL: |  1  2  3  4  5 |
---------------+----------------+-----
Conjurations   | 1 2 3 |  3.9
Stealth        | 2 3 |  3.2
Fire Magic     | 3 4 |  4.5
Spellcasting   | 2 |  2.0
Fighting       | 1 2 |  2.3
Dodging        | |  1.7

Action                   |  1- 3 |  4- 6 || total
-------------------------+-------+-------++-------
Melee: Unarmed           |    13 |       ||    13
       Dagger            |    42 |    12 ||    54
       Whip              |       |     3 ||     3
 Cast: Foxfire           |    70 |    79 ||   149
       Scorch            |    44 |    54 ||    98
  Use: Scroll            |       |     4 ||     4
       Potion            |       |     3 ||     3
Armor: Robe              |    22 |    10 ||    32
Dodge: Dodged            |    76 |    39 ||   115
